 Dungeon Crawl Stone Soup version 0.27-a0-1384-g1422d76b99 (webtiles) character file.

Game seed: 8766272343737167062

63 Tocho the Skirmisher (level 4, 0/35 HPs)
             Began as a Human Fighter on June 30, 2021.
             Slain by a goblin (6 damage)
             ... led by Robin
             ... on level 2 of the Dungeon.
             The game lasted 00:02:19 (2242 turns).

Tocho the Skirmisher (Human Fighter)                Turns: 2242, Time: 00:02:19

Health: 0/35       AC:  6    Str: 17    XL:     4   Next: 31%
Magic:  4/4        EV:  7    Int:  9    God:
Gold:   56         SH:  9    Dex: 12    Spells: 3/3 levels left

rFire    . . .     SeeInvis .   a - +0 long sword
rCold    . . .     Faith    .   c - +0 kite shield
rNeg     . . .     Spirit   .   b - +0 scale mail
rPois    .         Reflect  .   (no helmet)
rElec    .         Harm     .   (no cloak)
rCorr    .         Rampage  .   (no gloves)
Will     .....                  (no boots)
Stlth    ..........             (no amulet)
HPRegen  0.11/turn              (no ring)
MPRegen  0.09/turn              (no ring)

@: mighty
A: no striking features
a: no special abilities


You were on level 2 of the Dungeon.
You visited 1 branch of the dungeon, and saw 2 of its levels.

You collected 56 gold pieces.

Inventory:

Hand Weapons
 a - a +0 long sword (weapon)
Armour
 b - a +0 scale mail (worn)
 c - a +0 kite shield (worn)
Scrolls
 f - a scroll of noise {unknown}
 g - a scroll of identify {unknown}
 i - a scroll of vulnerability {unknown}
Potions
 d - a potion of might
 e - a potion of brilliance {unknown}
 h - a potion of attraction {unknown}
 j - 2 potions of invisibility {unknown}
 k - a potion of heal wounds {unknown}


   Skills:
 * Level 3.3 Fighting
 * Level 3.1 Long Blades
 + Level 3.3 Armour
 * Level 1.1 Dodging
 + Level 3.1 Shields


You had 3 spell levels left.
You didn't know any spells.
Your spell library was empty.

Dungeon Overview and Level Annotations

Branches:
Dungeon (2/15)

Altars:

Shops:
D:2 =

Annotations:
D:2 Robin


Message History

The goblin is heavily wounded.
You block the goblin's attack.
Your shield prevents you from hitting the goblin.
The goblin no longer looks unusually strong.
You block the goblin's attack. The goblin hits you but does no damage.
You slash the goblin!
You kill the goblin!
The goblin hits you but does no damage. x2
The goblin no longer looks unusually strong.
You see here a +0 club.
You hit the goblin.
You kill the goblin!
The goblin no longer looks unusually strong.
The hobgoblin no longer looks unusually strong. x2
Robin roars a battlecry!
The goblins go into a battle-frenzy!
You closely miss the hobgoblin. You block the hobgoblin's attack.
You slash the hobgoblin!
You kill the hobgoblin!
Robin throws the goblin at you! The goblin hits you with a +0 club.
You barely miss the goblin. The goblin hits you with a +0 club.
Robin laughs in a distinctly smug fashion.
The goblin hits you but does no damage. x3
You miss the goblin. The goblin hits you but does no damage.
Robin hits you but does no damage. The goblin hits you but does no damage.
The goblin hits you with a +0 club.
* * * LOW HITPOINT WARNING * * *
The goblin barely misses you. Robin closely misses you.
You closely miss the goblin. The goblin barely misses you.
The goblin hits you but does no damage. The goblin hits you with a +0 club.
* * * LOW HITPOINT WARNING * * *
Robin hits you but does no damage. You block the goblin's attack.
The goblin barely misses you.
You closely miss the goblin. You block the goblin's attack.
The goblin hits you but does no damage. The goblin barely misses you.
You block the goblin's attack.
You closely miss the goblin. You block the goblin's attack.
A hobgoblin comes into view.
The goblin barely misses you. The goblin hits you with a +0 club.
You die...

##...#........÷..
###.#..........)
##'#.....####..
#....##.## #.#
###....##.# #.#
#......##.# #.#
#.#....##.# #..
.########g#....##.#######
.......g@..............∩.
#.#####g##############...
#.#####g##### #.##
#.....gg....# #.#
.##...g.......# #.#
......†.......# #.#
..#...........# #.#
#....g#+##### ##'##
#..)#.# #....


You could see Robin, 3 hobgoblins and 3 goblins.

Vanquished Creatures
  Jessica (D:2)
  An adder (D:2)
  4 ball pythons (D:1)
  2 bats
  2 endoplasms (D:1)
  A giant cockroach (D:1)
  2 hobgoblins (D:2)
  3 kobolds
  2 quokkas
  A frilled lizard (D:1)
  6 goblins
  2 rats (D:1)
27 creatures vanquished.

Notes
Turn   | Place    | Note
-------+----------+-------------------------------------------
     0 | D:1      | Tocho the Human Fighter began the quest for the Orb.
     0 | D:1      | Reached XP level 1. HP: 18/18 MP: 1/1
   593 | D:1      | Reached XP level 2. HP: 20/24 MP: 2/2
  1677 | D:2      | Reached XP level 3. HP: 20/29 MP: 3/3
  1800 | D:2      | Found Dakhavvauq's Jewellery Emporium.
  1817 | D:2      | Noticed Jessica
  1821 | D:2      | Killed Jessica
  1822 | D:2      | Reached skill level 1 in Dodging
  1834 | D:2      | Reached XP level 4. HP: 16/35 MP: 4/4
  2218 | D:2      | Noticed Robin
  2242 | D:2      | Slain by a goblin

Illustrated notes

Levels and vault maps discovered:
D:1:      giann_wishing_wells, layout_loops_corners, grunt_decor_resistance
D:2:      layout_basic, serial_shops, shop, uniq_jessica, uniq_robin

Skill      XL: |  1  2  3 |
---------------+----------+-----
Dodging        | 1 |  1.1
Long Blades    | 3 |  3.1
Fighting       | |  3.3
Armour         | |  3.3
Shields        | |  3.1

Action                   |  1- 3 |  4- 6 || total
-------------------------+-------+-------++-------
Melee: Long sword        |    80 |    17 ||    97
  Use: Potion            |       |     1 ||     1
Armor: Scale mail        |    44 |    32 ||    76
Dodge: Dodged            |    24 |    14 ||    38
Block: Kite shield       |    41 |    18 ||    59
       Rpst.: Long sword |     6 |     1 ||     7

Table legend: (Time is in decaauts)
 A = Elapsed time spent in this place.
 B = Non-inter-level travel time spent in this place.
 C = Inter-level travel time spent in this place.
 D = Time resting spent in this place.
 E = Time spent auto-exploring this place.
 F = Levels seen in this place.
 G = Mean time per level.
                   A        B        C        D        E       F      G
               +--------+--------+--------+--------+--------+-----+--------+
         Total |   2292 |   2205 |     87 |    273 |   1681 |   2 | 1146.0 |
       Dungeon |   2292 |   2205 |     87 |    273 |   1681 |   2 | 1146.0 |
               +--------+--------+--------+--------+--------+-----+--------+

Top non-repeatable levels by time:
     D:1: 1665 daAuts
     D:2: 627 daAuts
